 Dungeon Crawl Stone Soup version 0.30-a0-672-gc3a7216ad8 (webtiles) character file.

Game seed: 18336179111814583556

1824 lunkers the Cleaver (level 9, -6/70 HPs)
             Began as a Meteoran Fighter on Jan 18, 2023.
             Was an Initiate of Ru.
             Mangled by a gnoll
             ... wielding a +0 halberd
             ... led by a gnoll sergeant
              (7 damage)
             ... on level 8 of the Dungeon.
             The game lasted 00:07:23 (3825 turns).

lunkers the Cleaver (Meteoran Fighter)              Turns: 3825, Time: 00:07:24

Health: -6/70      AC:  9    Str: 22    XL:     9   Next: 58%
Magic:  10/10      EV: 10    Int: 11    God:    Ru [......]
Gold:   382        SH:  5    Dex: 19    Spells: 8/8 levels left

rFire   . . .      SeeInvis .    a - +1 war axe
rCold   + . .      Faith    .    c - +0 buckler
rNeg    . . .      Spirit   .    k - +2 leather armour {rC+}
rPois   .          Reflect  .    n - +1 helmet
rElec   .          Harm     .    (no cloak)
rCorr   .          Rampage  .    h - +0 pair of gloves
Will    +....                    (no boots)
Stlth   +                        (no amulet)
HPRegen 0.31/turn                f - +6 ring of dexterity
MPRegen 0.12/turn                (no ring)

@: lethally poisoned (-6 -> -25), about to teleport, glowing, studying Armour
A: sense surroundings 2, otherworldly, glowing, explore regen
a: Renounce Religion


You were on level 8 of the Dungeon.
You worshipped Ru.
Ru was noncommittal.
You visited 2 branches of the dungeon, and saw 9 of its levels.

You collected 382 gold pieces.

Inventory:

Hand Weapons
 a - a +1 war axe (weapon)
Armour
 b - a +0 scale mail
 c - a +0 buckler (worn)
 h - a +0 pair of gloves (worn)
 k - a +2 leather armour of cold resistance (worn)
 n - a +1 helmet (worn)
Jewellery
 f - a +6 ring of dexterity (left hand)
 t - an amulet of faith
Wands
 d - a wand of flame (24)
 l - a wand of paralysis (6)
 s - a wand of light (12)
Scrolls
 e - a scroll of enchant weapon
 g - a scroll of enchant armour
 j - 3 scrolls of identify
 m - a scroll of teleportation
Potions
 i - a potion of curing
 u - 2 potions of flight


   Skills:
 - Level 3.2 Fighting
 * Level 13.4 Axes
 + Level 4.5 Armour
 - Level 3.6 Shields
 + Level 1.4 Evocations


You had 8 spell levels left.
You didn't know any spells.
Your spell library contained the following spells:

 Spells                   Type           Power      Damage    Failure   Level
 Sting                    Tmut/Pois      0%         1d3       47%         1
 Summon Small Mammal      Summ           0%         N/A       47%         1
 Poisonous Vapours        Pois/Air       0%         N/A       63%         2
 Call Canine Familiar     Summ           0%         N/A       85%         3
 Summon Guardian Golem    Hex/Summ       0%         N/A       85%         3
 Olgreb's Toxic Radiance  Pois           0%         N/A       99%         4


Dungeon Overview and Level Annotations

Branches:
Dungeon (8/15) Zot: 1125   Temple (1/1) D:7 Zot: 355
   Lair: D:8-11

Altars:
Ashenzari
Dithmenos
Kikubaaqudgha
Makhleb
Nemelex Xobeh
Ru
Sif Muna
Uskayaw
Vehumet
Xom
Yredelemnul
Zin

Annotations:
D:6 3 runed translucent doors, bronco's ghost, novice DECj


Innate Abilities, Weirdness & Mutations

You passively map the area around you.
You are easily found by Zot.
You glow in the dark.
You regain HP and MP as you explore.


Message History

You barely miss the water moccasin.
The water moccasin is moderately wounded.
You feel very sick. The water moccasin bites you.
The water moccasin barely misses you.
The gnoll hits you from afar with a +0 halberd!
* * * LOW HITPOINT WARNING * * *
You slash the gnoll!
The gnoll is almost dead.
You barely miss the water moccasin.
You feel sick. The water moccasin barely misses you.
The gnoll barely misses you.
The gnoll sergeant hits you from afar with a +0 spear!
* * * LOW HITPOINT WARNING * * *
You hit the water moccasin.
The water moccasin is heavily wounded.
You hit the gnoll.
You kill the gnoll!
You feel sick. The water moccasin barely misses you.
You hit the water moccasin.
The water moccasin is heavily wounded.
You slash the water moccasin!
You feel sick. The water moccasin bites you!
* * * LOW HITPOINT WARNING * * *
The water moccasin bites you.
* * * LOW HITPOINT WARNING * * *
You are lethally poisoned!
The water moccasin poisons you!
The gnoll hits you from afar with a +0 halberd.
* * * LOW HITPOINT WARNING * * *
A gnoll comes into view. It is wielding a +0 halberd.
The gnoll sergeant hits you from afar with a +0 spear.
* * * LOW HITPOINT WARNING * * *
As you read the scroll of teleportation, it crumbles to dust.
You feel strangely unstable.
* * * LOW HITPOINT WARNING * * *
You feel very sick.
The gnoll shouts!
You hear a shout! x2; You hear an angry buzzing noise.
The water moccasin bites you but does no damage.
The water moccasin bites you.
* * * LOW HITPOINT WARNING * * *
The gnoll hits you from afar with a +0 halberd!
You die...

#######.## #............# *
........# #########.####
.#####..# ##...#####
.#####..###########.###....#
...........#........# #....#
.##.##.....#........###....#
..#.##.....#.......#...##.##
.......>#!.....[...#####
..#* ..#.##.#..##...S@..#
...#* .##.##.##.##...S...#*
, , ...#
....).....##..g#g..# , ,...#
######.####...###...# ,..# #
#.# ..... .g.... ,, # #.#
...# ,,).#...# , , * #.. ..#
, ..##..# * * #. , .#,..# ##
, , ,


You could see 2 water moccasins, a gnoll sergeant and 2 gnolls.

Vanquished Creatures
  Prince Ribbit (D:6)
  A wyvern (D:7)
  Eustachio (D:4)
  An orc warrior (D:6)
  A black bear (D:5)
  An ice beast (D:6)
  2 centaurs
  A kobold brigand (D:8)
  Blork the orc (D:6)
  2 necrophages
  3 scorpions
  A howler monkey (D:2)
  2 orc priests (D:4)
  A hound (D:6)
  An iguana (D:7)
  Ijyb (D:4)
  4 orc wizards
  Robin (D:3)
  A gnoll (D:8)
  8 adders
  An ufetubus (D:4)
  A dart slug (D:2)
  11 orcs
  3 ball pythons
  6 endoplasms
  2 giant cockroaches
  21 goblins
  12 hobgoblins
  10 jackals
  3 quokkas
  4 bats
  4 frilled lizards
  7 kobolds
  2 rats
122 creatures vanquished.

Notes
Turn   | Place    | Note
-------+----------+-------------------------------------------
     0 | D:1      | lunkers the Meteoran Fighter began the quest for the Orb.
     0 | D:1      | Reached XP level 1. HP: 19/19 MP: 2/2
   100 | D:1      | Reached skill level 3 in Axes
   100 | D:1      | Reached XP level 2. HP: 13/26 MP: 3/3
   179 | D:1      | Found a faded altar of an unknown god.
   205 | D:1      | Reached XP level 3. HP: 31/31 MP: 4/4
   475 | D:2      | Reached skill level 4 in Axes
   607 | D:2      | Reached XP level 4. HP: 38/38 MP: 5/5
   688 | D:2      | Reached skill level 5 in Axes
   738 | D:2      | Reached skill level 6 in Axes
   738 | D:2      | Reached XP level 5. HP: 41/45 MP: 6/6
  1041 | D:3      | Found a radiant altar of Vehumet.
  1261 | D:3      | Noticed Robin
  1269 | D:3      | Killed Robin
  1487 | D:4      | Found a broken altar of Ashenzari.
  1660 | D:4      | Noticed Eustachio
  1670 | D:4      | Killed Eustachio
  1671 | D:4      | Reached skill level 7 in Axes
  1671 | D:4      | Reached XP level 6. HP: 24/51 MP: 7/7
  1673 | D:4      | Reached skill level 8 in Axes
  1673 | D:4      | Reached XP level 7. HP: 15/57 MP: 8/8
  2207 | D:5      | Entered Level 5 of the Dungeon
  2207 | D:5      | Noticed Ijyb
  2224 | D:4      | Killed Ijyb
  2245 | D:4      | Reached skill level 9 in Axes
  2505 | D:5      | Reached XP level 8. HP: 61/63 MP: 9/9
  2734 | D:5      | Reached skill level 10 in Axes
  2788 | D:5      | Found a burning altar of Makhleb.
  2854 | D:5      | Glimpsed the power of Zot.
  2911 | D:6      | Noticed Prince Ribbit
  2924 | D:6      | Killed Prince Ribbit
  2925 | D:6      | Reached skill level 11 in Axes
  2940 | D:6      | Noticed Blork the orc
  2953 | D:6      | Killed Blork the orc
  3112 | D:6      | Found a runed translucent gate.
  3112 | D:6      | Found a runed translucent gate.
  3112 | D:6      | Found a runed translucent gate.
  3113 | D:6      | Noticed bronco's ghost (novice DECj)
  3121 | D:6      | Gained mutation: You passively map the area around you.
                  | [Meteoran growth]
  3121 | D:6      | Reached XP level 9. HP: 45/70 MP: 10/10
  3155 | D:6      | Reached skill level 12 in Axes
  3183 | D:7      | Found a staircase to the Ecumenical Temple.
  3192 | Temple   | Entered the Ecumenical Temple
  3346 | Temple   | Identified a scroll of acquirement
  3346 | Temple   | Acquired a manual of Armour
  3435 | D:7      | Reached skill level 13 in Axes
  3481 | Temple   | Became a worshipper of Ru the Awakened
  3748 | D:8      | Reached skill level 1 in Evocations
  3825 | D:8      | HP: 1/70 [water moccasin (3)]
  3825 | D:8      | Mangled by a gnoll

Illustrated notes

Levels and vault maps discovered:
D:1:      nicolae_arrival_somewhat_less_tricky_arrival, layout_basic,
          chequers_ecumenical_altar_simple, minmay_pentomino_p2
D:2:      cheibrodos_greedy_goblins, layout_basic, small_statue_intersection,
          corexii_corridor_pit
D:3:      layout_basic, mainiacjoe_overflow_small_starburst, serial_shops, shop,
          uniq_robin
D:4:      layout_basic, evilmike_ruin_ashenzari, chequers_serial_rivers_small_3,
          uniq_eustachio
D:5:      layout_basic, tso_oasis_becter, general_overflow_altar, uniq_ijyb
D:6:      layout_basic, ebering_ghost_rock_garden, nicolae_elevator_lobby_plus,
          uniq_blork_the_orc, uniq_prince_ribbit1, uniq_crazy_yiuf_cottage
D:7:      minmay_clustersquares, layout_loops_cross,
          grunt_temple_overflow_forces_of_nature, minmay_temple_entry_water_ring
D:8:      layout_loops_cross, okawaru_ov_weapons_minmay, serial_rivers,
          chequers_serial_rivers_micro_c, chequers_serial_rivers_room_b,
          chequers_serial_rivers_large_b, chequers_serial_rivers_micro_c,
          enter_bailey_3, uniq_psyche, uniq_erica
Temple:   chequers_temple_sunken

Skill      XL: |  1  2  3  4  5  6  7  8  9 |
---------------+----------------------------+-----
Axes           | 3 4 6 7 8 9 11 13 | 13.4
Armour         | 4 |  4.5
Evocations     | 1 |  1.4
Fighting       | |  3.2
Shields        | |  3.6

Action                   |  1- 3 |  4- 6 |  7- 9 || total
-------------------------+-------+-------+-------++-------
Melee: War axe           |    72 |    85 |   221 ||   378
Evoke: Wand              |       |     1 |       ||     1
  Use: Potion            |       |       |     5 ||     5
       Scroll            |       |       |     9 ||     9
 Stab: Paralysed         |       |     5 |       ||     5
Armor: Scale mail        |    40 |    16 |       ||    56
       Leather armour    |       |    32 |    84 ||   116
Dodge: Dodged            |    26 |    31 |    92 ||   149
Block: Buckler           |    15 |    32 |    50 ||    97

Table legend: (Time is in decaauts)
 A = Elapsed time spent in this place.
 B = Non-inter-level travel time spent in this place.
 C = Inter-level travel time spent in this place.
 D = Time resting spent in this place.
 E = Time spent auto-exploring this place.
 F = Levels seen in this place.
 G = Mean time per level.
                   A        B        C        D        E       F      G
               +--------+--------+--------+--------+--------+-----+--------+
         Total |   3917 |   3547 |    370 |      0 |   2668 |   9 |  435.2 |
       Dungeon |   3673 |   3330 |    343 |      0 |   2502 |   8 |  459.1 |
        Temple |    244 |    218 |     26 |      0 |    166 |   1 |  244.0 |
               +--------+--------+--------+--------+--------+-----+--------+

Top non-repeatable levels by time:
     D:4: 1010 daAuts
     D:2: 505 daAuts
     D:3: 503 daAuts
     D:1: 486 daAuts
     D:5: 415 daAuts
     D:7: 342 daAuts
     D:6: 302 daAuts
  Temple: 244 daAuts
     D:8: 107 daAuts
